[Event "Titled Tuesday Blitz November 07 Early 2023"]
[White "Skliarov, Viktor"]
[Black "Berezin, Viktor"]
[WhiteFideId "14106736"]
[BlackFideId "14107872"]
[WhiteElo "2655"]
[BlackElo "2439"]
[Result "1-0"]
[Round "3"]
[TimeControl "180+1"]
[Date "2023.11.07"]
[WhiteClock "0:00:11"]
[BlackClock "0:00:02"]
[Board "114"]

1. e4 g6 2. d4 Bg7 3. Nc3 d6 4. Be3 c6 5. f3 b5 6. Qd2 Nd7 7. O-O-O Nb6 8. b3 a5 9. g4 a4 10. Kb1 b4 11. Nce2 axb3 12. cxb3 Nf6 13. g5 Nfd7 14. h4 Qc7 15. h5 gxh5 16. Nf4 c5 17. Nxh5 Bxd4 18. Bxd4 cxd4 19. Qxd4 Ne5 20. Bb5+ Bd7 21. Bxd7+ Kxd7 22. f4 Rxa2 23. Rc1 Qa7 24. fxe5 Ra8 25. Nf3 Ra1+ 26. Kc2 Rc8+ 27. Kd2 Qa2+ 28. Ke3 Raxc1 29. Rxc1 Rxc1 30. Qxb6 Rc3+ 31. Kf4 Qa8 32. exd6 exd6 33. Nf6+ Ke7 34. Nd5+ Kf8 35. Nxc3 bxc3 36. Qc7 Qa1 37. Qxd6+ Kg8 38. Qd8+ Kg7 39. Qd4+ Kg8 40. Kf5 Qc1 41. Qd8+ Kg7 42. Qf6+ Kg8 43. Qd8+ Kg7 44. Nd4 Qf1+ 45. Ke5 Qf2 46. Qf6+ Qxf6+ 47. gxf6+ Kg6 48. b4 h5 49. b5 1-0


[Site "https://www.chess.com"]

[Event "Titled Tuesday Blitz November 07 Early 2023"]
[White "Liu, Casper"]
[Black "Yelisieiev, Yevhenii"]
[WhiteFideId "1454153"]
[BlackFideId "14139642"]
[WhiteElo "2438"]
[BlackElo "2654"]
[Result "0-1"]
[Round "3"]
[TimeControl "180+1"]
[Date "2023.11.07"]
[WhiteClock "0:01:28"]
[BlackClock "0:02:19"]
[Board "115"]

1. e4 d6 2. Ne2 Nf6 3. Nbc3 Nbd7 4. d4 e5 5. dxe5 dxe5 6. Be3 c6 7. Qd2 Qa5 8. O-O-O Bb4 9. f3 b5 10. Kb1 O-O 11. a3 Bxc3 12. Qxc3 Qc7 13. Ng3 Rb8 14. Nf5 Nb6 15. Bxb5 Bxf5 16. exf5 Nbd5 0-1


[Site "https://www.chess.com"]

[Event "Titled Tuesday Blitz November 07 Early 2023"]
[White "Maltsevskaya, Aleksandra"]
[Black "Tworuszka, Michal"]
[WhiteFideId "24174041"]
[BlackFideId "1117858"]
[WhiteElo "2652"]
[BlackElo "2438"]
[Result "0-1"]
[Round "3"]
[TimeControl "180+1"]
[Date "2023.11.07"]
[WhiteClock "0:00:00"]
[BlackClock "0:00:02"]
[Board "116"]

1. Nf3 d5 2. g3 Nd7 3. d4 Nb6 4. Bg2 Nf6 5. O-O Bf5 6. a4 a5 7. b3 e6 8. Nbd2 c6 9. c4 Bb4 10. Bb2 O-O 11. Rc1 Rc8 12. h3 h6 13. Ne5 Nfd7 14. Ndf3 Nxe5 15. Nxe5 Nd7 16. Nd3 Bd6 17. g4 Bh7 18. f4 b6 19. Ne5 Nxe5 20. fxe5 Be7 21. e4 dxe4 22. Qe2 c5 23. Rcd1 cxd4 24. Bxd4 Qc7 25. Bxe4 Bxe4 26. Qxe4 Rfd8 27. Kg2 Bc5 28. Bxc5 bxc5 29. Kf3 Qb6 30. Qe3 Qc7 31. Ke2 Qc6 32. Qf3 Qb6 33. Qxf7+ Kh8 34. Qf3 Qc7 35. Qe3 Qe7 36. Rxd8+ Rxd8 37. Rf4 Qc7 38. Kf2 Qb6 39. Kg3 Qb4 40. Rf2 Qa3 41. Qf3 Qa1 42. Re2 Qd4 43. Qf4 Qg1+ 44. Kf3 Qf1+ 45. Ke3 Rd3+ 0-1


[Site "https://www.chess.com"]

[Event "Titled Tuesday Blitz November 07 Early 2023"]
[White "HamedWafa4"]
[Black "Jesseinkman"]
[WhiteElo "2651"]
[BlackElo "2437"]
[Result "1-0"]
[Round "3"]
[TimeControl "180+1"]
[Date "2023.11.07"]
[WhiteClock "0:00:22"]
[BlackClock "0:00:05"]
[Board "117"]

1. d4 d5 2. Bf4 Nf6 3. Nc3 e6 4. Nb5 Na6 5. e3 Be7 6. Nf3 O-O 7. Be2 c6 8. Nc3 Qb6 9. a3 c5 10. O-O c4 11. Ne5 Bd7 12. Qd2 Rfc8 13. Bg5 Be8 14. f4 Qd8 15. Bf3 b5 16. f5 Nc7 17. fxe6 fxe6 18. e4 Nxe4 19. Nxe4 dxe4 20. Bxe7 Qxe7 21. Bxe4 Nd5 22. Bxd5 exd5 23. Rae1 Qd6 24. Qf4 h6 25. Qf5 a5 26. Ng4 Bg6 27. Qf2 Rf8 28. Qe2 Rae8 29. Ne5 Be4 30. c3 Rxf1+ 31. Qxf1 Rf8 32. Qe2 Qe6 33. Qg4 Qf6 34. Qe2 Qf4 35. Rf1 Qxf1+ 36. Qxf1 Rxf1+ 37. Kxf1 Bf5 38. g3 Kf8 39. Kf2 a4 40. Ke3 g5 41. h4 Bc8 42. hxg5 hxg5 43. Nf3 g4 44. Ne5 Ke7 45. Kf4 Kf6 46. Nxg4+ Ke6 47. Ne3 Kd6 48. g4 Be6 49. g5 Bf7 50. Kf5 Be6+ 51. Kf6 Bg8 52. g6 b4 53. axb4 a3 54. bxa3 Kc6 55. Kg7 Kb5 56. Kxg8 Ka4 57. Nxd5 Kxa3 58. Kf7 1-0


[Site "https://www.chess.com"]

[Event "Titled Tuesday Blitz November 07 Early 2023"]
[White "Chor, Kevin"]
[Black "Kostiukov, Alexandr"]
[WhiteFideId "2090740"]
[BlackFideId "14108100"]
[WhiteElo "2651"]
[BlackElo "2435"]
[Result "1/2-1/2"]
[Round "3"]
[TimeControl "180+1"]
[Date "2023.11.07"]
[WhiteClock "0:00:41"]
[BlackClock "0:00:12"]
[Board "118"]

1. d4 g6 2. c4 Bg7 3. Nf3 d6 4. g3 e5 5. d5 f5 6. Bg2 Nf6 7. O-O O-O 8. Nc3 a5 9. e4 Na6 10. Ne1 fxe4 11. Nxe4 Nxe4 12. Bxe4 Bh3 13. Bg2 Bxg2 14. Kxg2 Qd7 15. Nd3 b6 16. Be3 Nc5 17. Nxc5 bxc5 18. Qe2 Rab8 19. b3 a4 20. Rab1 Rb4 21. Bd2 Rb6 22. b4 cxb4 23. Bxb4 Rfb8 24. a3 c5 25. dxc6 Qxc6+ 26. Kg1 Rc8 27. Rbc1 Bf8 28. Rfd1 Qc7 29. Qc2 Rc6 30. Qxa4 Rxc4 31. Qb3 Qf7 32. Rxc4 Rxc4 33. a4 d5 34. Bxf8 Kxf8 35. Qb8+ Qe8 36. Qd6+ Qe7 37. Qxd5 Rxa4 38. Rb1 Rd4 39. Rb8+ Kg7 40. Rg8+ Kh6 41. Qf3 Rd8 42. Qe3+ g5 43. Rxd8 Qxd8 44. Qxe5 Kg6 45. Qe6+ Kg7 46. Qe5+ Kg6 47. Qe4+ Kg7 48. Kg2 Qf6 49. h3 h6 50. Qb7+ Kg6 51. Qe4+ Kg7 52. Kf1 Qa6+ 53. Kg2 Qf6 1/2-1/2


[Site "https://www.chess.com"]

[Event "Titled Tuesday Blitz November 07 Early 2023"]
[White "Polaczek, Richard"]
[Black "Dowgird, Filip"]
[WhiteFideId "200026"]
[BlackFideId "1121235"]
[WhiteElo "2434"]
[BlackElo "2647"]
[Result "0-1"]
[Round "3"]
[TimeControl "180+1"]
[Date "2023.11.07"]
[WhiteClock "0:00:00"]
[BlackClock "0:00:56"]
[Board "119"]

1. d4 Nf6 2. Bg5 e6 3. e4 h6 4. Bxf6 Qxf6 5. c3 e5 6. Nf3 Nc6 7. Be2 d6 8. O-O Be7 9. Na3 O-O 10. Nc2 Qg6 11. Nd2 Bf6 12. Bh5 Qh7 13. d5 Ne7 14. Bg4 Bg5 15. Bxc8 Raxc8 16. Nc4 Qxe4 17. Na5 b6 18. Re1 Qxd5 19. Qxd5 Nxd5 20. Nc6 a5 21. c4 Ne7 22. Nxe7+ Bxe7 23. Ne3 Rce8 24. a3 f5 25. b4 Ra8 26. Nd5 Bd8 27. b5 h5 28. f3 g6 29. Re2 Kf7 30. a4 Rc8 31. Rb1 Re8 32. Rc2 Ke6 33. Kf1 Kd7 34. Ke2 g5 35. h3 Rg8 36. Kf2 g4 37. hxg4 hxg4 38. Rh1 gxf3 39. gxf3 Rg7 40. Rh8 Be7 41. Rxc8 Kxc8 42. Rc1 Bh4+ 43. Ke3 Kd7 44. Rh1 Bd8 45. Rh8 Bg5+ 46. Kf2 Bc1 47. Rh5 Rf7 48. Rh8 Ba3 49. Ke2 Bc5 0-1


[Site "https://www.chess.com"]

[Event "Titled Tuesday Blitz November 07 Early 2023"]
[White "Principe, Gerson"]
[Black "Kovalevsky, Stanislav"]
[WhiteFideId "3804550"]
[BlackFideId "13508598"]
[WhiteElo "2646"]
[BlackElo "2434"]
[Result "0-1"]
[Round "3"]
[TimeControl "180+1"]
[Date "2023.11.07"]
[WhiteClock "0:00:00"]
[BlackClock "0:00:42"]
[Board "120"]

1. d4 d5 2. Nf3 Nf6 3. c4 c6 4. e3 Ne4 5. Nc3 f5 6. Nd2 e6 7. f3 Qh4+ 8. Ke2 Ng3+ 9. hxg3 Qxh1 10. Kf2 Nd7 11. Be2 Qxd1 12. Bxd1 h5 13. f4 h4 14. gxh4 Rxh4 15. Bf3 Nf6 16. c5 Be7 17. Nf1 b6 18. b4 a5 19. Na4 bxc5 20. bxc5 Ba6 21. Nb6 Rb8 22. Bd2 a4 23. Ng3 Ng4+ 24. Bxg4 Rxg4 25. Nf1 Bh4+ 26. g3 Bxf1 27. gxh4 Rg2+ 28. Kxf1 Rxd2 29. Kg1 a3 30. h5 Ke7 0-1


[Site "https://www.chess.com"]

[Event "Titled Tuesday Blitz November 07 Early 2023"]
[White "Shuvalov, Evgenij"]
[Black "Thomforde-Toates, Noah"]
[WhiteFideId "4187237"]
[BlackFideId "30951992"]
[WhiteElo "2433"]
[BlackElo "2644"]
[Result "1/2-1/2"]
[Round "3"]
[TimeControl "180+1"]
[Date "2023.11.07"]
[WhiteClock "0:00:13"]
[BlackClock "0:00:19"]
[Board "121"]

1. d4 Nf6 2. c4 g6 3. Nc3 Bg7 4. e4 d6 5. Nf3 O-O 6. Be2 e5 7. O-O exd4 8. Nxd4 Re8 9. f3 c6 10. Kh1 Nbd7 11. Bg5 Qb6 12. Nb3 a5 13. Qd2 a4 14. Be3 Qc7 15. Nd4 Nc5 16. Bf4 Nfd7 17. b4 axb3 18. Nxb3 Be5 19. Bxe5 dxe5 20. Rad1 Nxb3 21. axb3 Nc5 22. b4 Ne6 23. c5 Nd4 24. Bc4 Be6 25. Bxe6 Nxe6 26. Ne2 b6 27. Qd6 Qxd6 28. Rxd6 bxc5 29. bxc5 Rac8 30. Rc1 Red8 31. Kg1 Kf8 32. Kf2 Ke7 33. Rxd8 Rxd8 34. Ke3 Ra8 35. Rb1 Nxc5 36. Rb6 Kd6 37. h4 Ra3+ 38. Kd2 Rb3 39. Rxb3 Nxb3+ 40. Kc3 Nc5 41. Kc4 Nd7 42. Ng1 c5 43. Kb5 Nf8 44. Nh3 h6 45. Nf2 Ne6 46. Ng4 h5 47. Ne3 Nd4+ 48. Kc4 Kc6 49. Nd5 Ne6 50. Ne7+ Kd6 51. Nc8+ Kc7 52. Ne7 Kd7 53. Ng8 Nf4 54. g3 Ne2 55. Kxc5 Nxg3 56. Kd5 Ne2 57. Kxe5 Ng1 58. f4 Nf3+ 59. Kf6 Ke8 60. f5 Nxh4 61. Nh6 gxf5 62. exf5 Nf3 63. Nxf7 h4 64. Nh6 h3 65. Ng4 Kf8 66. Kg6 Ne5+ 67. Nxe5 h2 68. f6 h1=Q 69. Nd7+ Ke8 70. f7+ Kxd7 71. f8=Q Qg2+ 72. Kh7 Qh3+ 73. Kg8 Qg3+ 74. Qg7+ Qxg7+ 75. Kxg7 1/2-1/2


[Site "https://www.chess.com"]

[Event "Titled Tuesday Blitz November 07 Early 2023"]
[White "Rios Escobar, Adan"]
[Black "Janaszak, Dawid"]
[WhiteFideId "3403645"]
[BlackFideId "1119206"]
[WhiteElo "2430"]
[BlackElo "2642"]
[Result "0-1"]
[Round "3"]
[TimeControl "180+1"]
[Date "2023.11.07"]
[WhiteClock "0:00:00"]
[BlackClock "0:00:46"]
[Board "122"]

1. d4 d5 2. g3 Nf6 3. Nf3 c5 4. Bg2 Nc6 5. O-O e6 6. c4 dxc4 7. dxc5 Qxd1 8. Rxd1 Bxc5 9. Nbd2 c3 10. bxc3 O-O 11. Nb3 Bb6 12. c4 e5 13. c5 Bc7 14. Bb2 Re8 15. e3 h6 16. h3 Bf5 17. g4 Be4 18. Rd2 a5 19. a4 Nb4 20. Nh4 Bc6 21. Nf5 Ne4 22. Bxe4 Bxe4 23. Nd6 Bxd6 24. cxd6 f6 25. Rc1 b6 26. Rc7 Nd5 27. Rc4 Bf3 28. Ba3 Red8 29. Kh2 h5 30. Kg3 hxg4 31. hxg4 Bh1 32. Rd1 Be4 33. Rxe4 Nc3 34. Red4 exd4 35. Rxd4 Ne2+ 36. Kf3 Nxd4+ 37. Nxd4 Rac8 38. Nb5 Rc4 39. g5 Kf7 40. gxf6 gxf6 0-1


[Site "https://www.chess.com"]

[Event "Titled Tuesday Blitz November 07 Early 2023"]
[White "WindWhistler11"]
[Black "Kavyev, Ruslan"]
[BlackFideId "34110981"]
[WhiteElo "2429"]
[BlackElo "2637"]
[Result "1-0"]
[Round "3"]
[TimeControl "180+1"]
[Date "2023.11.07"]
[WhiteClock "0:01:08"]
[BlackClock "0:01:13"]
[Board "123"]

1. Nf3 Nf6 2. g3 g6 3. Bg2 Bg7 4. c4 O-O 5. O-O d6 6. b3 e5 7. Bb2 c5 8. e3 Nc6 9. Nc3 Bf5 10. d3 Re8 11. Nh4 Be6 12. Nd5 Rb8 13. a3 Ne7 14. e4 Nc6 15. Kh1 Nd4 16. Bxd4 exd4 17. f4 Bxd5 18. cxd5 Qd7 19. Bf3 b5 20. Rc1 Rbc8 21. g4 h6 22. g5 hxg5 23. fxg5 Nh7 24. Bg4 Qe7 25. Bxc8 Rxc8 26. Qg4 Re8 27. Nf3 a5 28. a4 bxa4 29. bxa4 Rb8 30. Rb1 Rb4 31. Rxb4 axb4 32. a5 Nf8 33. Qc8 Qa7 34. a6 c4 35. Qb7 Qc5 36. a7 cxd3 37. a8=Q Qc2 38. Qaa7 1-0


[Site "https://www.chess.com"]

[Event "Titled Tuesday Blitz November 07 Early 2023"]
[White "Kislinsky, Alexey"]
[Black "Gu, Xiaobing"]
[WhiteFideId "14108801"]
[BlackFideId "8602611"]
[WhiteElo "2636"]
[BlackElo "2427"]
[Result "1-0"]
[Round "3"]
[TimeControl "180+1"]
[Date "2023.11.07"]
[WhiteClock "0:00:46"]
[BlackClock "0:00:00"]
[Board "124"]

1. e4 c5 2. c3 Nf6 3. e5 Nd5 4. Bc4 e6 5. Nf3 b6 6. Bxd5 exd5 7. d4 d6 8. Bg5 Be7 9. Bxe7 Qxe7 10. O-O dxe5 11. Nxe5 O-O 12. Re1 Be6 13. Na3 Nd7 14. Qd2 Nxe5 15. Rxe5 Rad8 16. Rae1 Qd7 17. Nc2 h6 18. h3 a5 19. R1e2 a4 20. Ne1 a3 21. b3 cxd4 22. Qxd4 Rc8 23. Nd3 Qc7 24. Rc2 Rfe8 25. Nf4 Qc5 26. Qxc5 Rxc5 27. Ne2 Rec8 28. Re3 Bf5 29. Rd2 Bb1 30. f3 b5 31. b4 R5c7 32. Kf2 Kf8 33. Ke1 Re8 34. Rxe8+ Kxe8 35. Kd1 Re7 36. Kc1 Bf5 37. Nd4 Bd7 38. Re2 Re3 39. Rxe3+ 1-0


[Site "https://www.chess.com"]

[Event "Titled Tuesday Blitz November 07 Early 2023"]
[White "Kuzhylnyi, Oleksandr"]
[Black "LangesNasenhaar"]
[WhiteFideId "34110500"]
[WhiteElo "2634"]
[BlackElo "2419"]
[Result "1-0"]
[Round "3"]
[TimeControl "180+1"]
[Date "2023.11.07"]
[WhiteClock "0:00:19"]
[BlackClock "0:00:32"]
[Board "125"]

1. b3 Nf6 2. Bb2 g6 3. Nf3 Bg7 4. e3 O-O 5. d4 d6 6. Be2 c5 7. dxc5 dxc5 8. O-O Nc6 9. Na3 a6 10. Nc4 Qc7 11. Nce5 Rd8 12. Qe1 Nd5 13. Nxc6 Qxc6 14. Bxg7 Kxg7 15. Rd1 Bf5 16. Bc4 Nb6 17. Bxf7 Bg4 18. Rxd8 Rxd8 19. Ne5 Qe4 20. Qc3 Bf5 21. Nc6+ Kxf7 22. Nxd8+ Ke8 23. Qh8+ Kd7 24. Rd1+ Kc7 25. Nf7 Qxc2 26. Qd8+ Kc6 27. a4 Nd7 28. Re1 Qc3 29. Rf1 Qxb3 30. Qxe7 Qe6 31. Nd8+ 1-0


[Site "https://www.chess.com"]

[Event "Titled Tuesday Blitz November 07 Early 2023"]
[White "Doctor_Luber"]
[Black "ExchangeAB"]
[WhiteElo "2632"]
[BlackElo "2418"]
[Result "0-1"]
[Round "3"]
[TimeControl "180+1"]
[Date "2023.11.07"]
[WhiteClock "0:00:11"]
[BlackClock "0:00:20"]
[Board "126"]

1. e4 c6 2. d4 d5 3. exd5 cxd5 4. c3 Nf6 5. Bd3 Nc6 6. h3 g6 7. Nf3 Bf5 8. O-O Bxd3 9. Qxd3 Bg7 10. Bf4 O-O 11. Nbd2 e6 12. Rfe1 a6 13. a3 b5 14. b4 Nd7 15. Nb3 Nb6 16. Nc5 Nc4 17. Re2 Re8 18. a4 bxa4 19. Rxa4 Qc8 20. Rea2 a5 21. bxa5 Rxa5 22. Rxa5 N6xa5 23. h4 h5 24. Re2 Nb7 25. Nxb7 Qxb7 26. Ne5 Nxe5 27. Bxe5 Rc8 28. Bxg7 Kxg7 29. Qg3 Qc7 30. Re3 Qxg3 31. Rxg3 Rc7 32. Kf1 Kf6 33. Rf3+ Ke7 34. Ke2 Ra7 35. Kd3 Ra1 36. g3 Rf1 37. Ke2 Rc1 38. Kd2 Rf1 39. Ke2 Rb1 40. Kd2 f6 41. Re3 Rf1 42. Ke2 Ra1 43. Kd2 Kd6 44. Kd3 e5 45. dxe5+ fxe5 46. Re2 e4+ 47. Ke3 Ke5 48. f4+ Kf5 49. Rd2 Ra5 50. Rb2 Kg4 51. Rb6 Kxg3 52. Rxg6+ Kxh4 53. f5 Ra1 54. Ke2 Rc1 55. f6 Rxc3 56. Rg2 Rc8 57. Ke3 Rf8 58. Rg6 Kh3 59. Kf2 h4 60. Kg1 d4 61. Kf2 e3+ 62. Kf3 Rf7 63. Rh6 Rf8 64. Rg6 Kh2 65. Ke2 h3 66. Kd3 Rf7 67. Ke2 Ra7 68. Rg7 Ra2+ 69. Ke1 Rf2 70. f7 d3 71. Rg1 d2+ 72. Kd1 Kxg1 73. Kc2 Rxf7 74. Kd1 Kf2 75. Kc2 Ke2 76. Kc3 d1=Q 0-1


[Site "https://www.chess.com"]

[Event "Titled Tuesday Blitz November 07 Early 2023"]
[White "Olenik Campa, Rudi"]
[Black "Volkov, Maksim"]
[WhiteFideId "14633264"]
[BlackFideId "54123070"]
[WhiteElo "2418"]
[BlackElo "2628"]
[Result "0-1"]
[Round "3"]
[TimeControl "180+1"]
[Date "2023.11.07"]
[WhiteClock "0:00:00"]
[BlackClock "0:00:15"]
[Board "127"]

1. e4 c5 2. Nf3 d6 3. d4 cxd4 4. Nxd4 Nf6 5. f3 a6 6. c4 e6 7. Nc3 Be7 8. Be3 b6 9. Be2 Bb7 10. O-O Qc7 11. Qd2 Nbd7 12. Rac1 O-O 13. Rfd1 Rac8 14. b3 Rfe8 15. Bf1 Qb8 16. Qf2 Bd8 17. g4 h6 18. h4 Ne5 19. g5 hxg5 20. hxg5 Nh7 21. Qg3 Ng6 22. f4 Bc7 23. Be2 e5 24. f5 exd4 25. fxg6 fxg6 26. Rxd4 d5 27. Qh4 Bg3 28. Qg4 Be5 29. Nxd5 Bxd4 30. Bxd4 Bxd5 31. exd5 Rf8 32. Qe6+ Kh8 33. Be5 Qa7 34. Rf1 b5+ 35. Kg2 Rfe8 36. Qxg6 Rxe5 37. Bg4 Rxg5 38. Qe6 Rf8 39. Rxf8+ Nxf8 40. Kg3 Nxe6 0-1


[Site "https://www.chess.com"]

[Event "Titled Tuesday Blitz November 07 Early 2023"]
[White "Azali, Tannaz"]
[Black "Di Nicolantonio, Lucas"]
[WhiteFideId "12537721"]
[BlackFideId "680460"]
[WhiteElo "2418"]
[BlackElo "2627"]
[Result "1-0"]
[Round "3"]
[TimeControl "180+1"]
[Date "2023.11.07"]
[WhiteClock "0:00:39"]
[BlackClock "0:00:38"]
[Board "128"]

1. d4 d5 2. c4 c6 3. Nc3 Nf6 4. e3 e6 5. Nf3 Nbd7 6. Be2 Bd6 7. O-O O-O 8. b3 b6 9. Bb2 Bb7 10. Re1 Re8 11. Bd3 e5 12. dxe5 Nxe5 13. cxd5 Nxd3 14. Qxd3 cxd5 15. Ne2 Ne4 16. Ned4 a5 17. Rad1 Bb4 18. Nf5 Bxe1 19. Rxe1 f6 20. N3d4 Ba6 21. Qd1 Rc8 22. Qg4 Rc7 23. h4 Bc8 24. Qf4 Bxf5 25. Nxf5 Rc2 26. Qg4 Qc7 27. Ba3 Nxf2 28. Qh5 Nh3+ 29. Kh1 g6 30. Nh6+ Kg7 31. Nf5+ gxf5 32. Qxe8 Nf2+ 33. Kg1 Nh3+ 34. Kh1 Nf2+ 35. Kg1 Ng4 36. Bf8+ Kg8 37. Bh6# 1-0


[Site "https://www.chess.com"]

[Event "Titled Tuesday Blitz November 07 Early 2023"]
[White "Asavasaetakul, Chawit"]
[Black "Suspenser17"]
[WhiteFideId "6204856"]
[WhiteElo "2627"]
[BlackElo "2414"]
[Result "1-0"]
[Round "3"]
[TimeControl "180+1"]
[Date "2023.11.07"]
[WhiteClock "0:01:36"]
[BlackClock "0:00:24"]
[Board "129"]

1. e4 e5 2. Nf3 Nc6 3. Bc4 Nf6 4. d3 Bc5 5. Nc3 h6 6. Be3 Bb6 7. h3 d6 8. O-O Qe7 9. Nd2 g5 10. Bb3 Be6 11. Nc4 O-O-O 12. Nxb6+ axb6 13. d4 d5 14. exd5 Nxd5 15. Nxd5 Bxd5 16. c4 exd4 17. cxd5 dxe3 18. Qg4+ Kb8 19. dxc6 bxc6 20. fxe3 Qxe3+ 21. Kh1 Rd4 22. Qf3 Qe5 23. Qxc6 g4 24. Rae1 Qh5 25. Bxf7 Qg5 26. Qf6 gxh3 27. Qxh8+ Rd8 28. Qxd8+ 1-0


[Site "https://www.chess.com"]

[Event "Titled Tuesday Blitz November 07 Early 2023"]
[White "Gubajdullin, Alexei"]
[Black "Xie, Bryan"]
[WhiteFideId "4141202"]
[BlackFideId "30941296"]
[WhiteElo "2623"]
[BlackElo "2413"]
[Result "1-0"]
[Round "3"]
[TimeControl "180+1"]
[Date "2023.11.07"]
[WhiteClock "0:00:39"]
[BlackClock "0:00:12"]
[Board "130"]

1. d4 Nf6 2. Nf3 d5 3. Bf4 c5 4. e3 Nc6 5. Nbd2 e6 6. c3 cxd4 7. exd4 Nh5 8. Bg5 f6 9. Be3 Bd6 10. g3 O-O 11. Bg2 g6 12. O-O f5 13. Bh6 Rf7 14. Re1 f4 15. Ng5 Re7 16. Nxe6 Bxe6 17. Rxe6 Rxe6 18. Bxd5 Qe7 19. Qb3 Re8 20. Re1 Nd8 21. Bxe6+ Nxe6 22. d5 fxg3 23. hxg3 Bxg3 24. fxg3 Qc5+ 25. Be3 Qd6 26. Ne4 Qe5 27. Bf2 Neg7 28. d6+ Kh8 29. d7 Rd8 30. Qf7 Qf5 31. Nf6 Nxf6 32. Bd4 Qxd7 33. Re7 1-0


[Site "https://www.chess.com"]

[Event "Titled Tuesday Blitz November 07 Early 2023"]
[White "Cristi_Coca"]
[Black "Arabidze, Meri"]
[BlackFideId "13604040"]
[WhiteElo "2413"]
[BlackElo "2620"]
[Result "0-1"]
[Round "3"]
[TimeControl "180+1"]
[Date "2023.11.07"]
[WhiteClock "0:01:12"]
[BlackClock "0:01:07"]
[Board "131"]

1. e4 c5 2. c3 e6 3. d4 d5 4. exd5 exd5 5. Nf3 Nc6 6. Bd3 Bd6 7. O-O Nge7 8. dxc5 Bxc5 9. Nbd2 O-O 10. Nb3 Bb6 11. h3 Ng6 12. Bc2 a6 13. Nbd4 Bd7 14. Be3 Bc7 15. Qd3 Qf6 16. Rad1 Rfe8 17. Rfe1 h6 18. Nf5 Nce5 19. Nxe5 Qxe5 20. Ng3 Bb5 21. Qxd5 Qxd5 22. Rxd5 Bc6 23. Rdd1 Nh4 24. Nf5 Nxg2 25. Nd6 Nxe1 26. Nxe8 Nf3+ 0-1


[Site "https://www.chess.com"]

[Event "Titled Tuesday Blitz November 07 Early 2023"]
[White "Urquhart, Ed"]
[Black "JuniorJumper"]
[WhiteFideId "2603748"]
[WhiteElo "2412"]
[BlackElo "2618"]
[Result "0-1"]
[Round "3"]
[TimeControl "180+1"]
[Date "2023.11.07"]
[WhiteClock "0:00:04"]
[BlackClock "0:00:08"]
[Board "132"]

1. e4 b6 2. d4 Bb7 3. Nc3 e6 4. Bd3 Bb4 5. Nf3 Nf6 6. Qe2 d5 7. e5 Ne4 8. Bd2 Bxc3 9. bxc3 f5 10. exf6 Qxf6 11. Ne5 O-O 12. O-O c5 13. Bxe4 dxe4 14. Be3 Qe7 15. Qg4 Rf5 16. a4 Nd7 17. Nxd7 Qxd7 18. a5 cxd4 19. cxd4 bxa5 20. c4 Rc8 21. Rfc1 a4 22. h3 Ba6 23. c5 Qc6 24. Rcb1 Bd3 25. Rb4 Bc2 26. Qe2 Bb3 27. Qb5 Qxb5 28. Rxb5 Rf7 29. Ra5 Rb7 30. Rc1 Rc6 31. Bf4 a6 32. Bd6 Rb5 33. Rxb5 axb5 34. Kf1 a3 35. Ke2 b4 36. Kd2 Bd5 37. Ra1 Ra6 38. c6 Rxc6 39. Bxb4 a2 40. Bc5 e5 41. Kc3 Kf7 42. Kb4 Ke6 43. dxe5 Kxe5 44. g3 Rc8 45. Be3 Rb8+ 46. Kc5 Rb1 47. Bd4+ Ke6 48. Bc3 g6 49. Kd4 Rb5 50. Ke3 Rb3 51. Kd4 Rb5 52. Ke3 Rc5 53. Bd4 Rc4 54. Re1 Rc2 55. Ra1 h5 56. h4 Rc4 57. Rd1 Rc2 58. Ra1 Kd7 59. Rd1 Kc6 60. Ba1 Rc4 61. Rd4 Rc1 62. Bb2 a1=Q 63. Bxa1 Rxa1 64. Kf4 Ra2 65. Ke3 Ra3+ 66. Kf4 Rf3+ 67. Ke5 Rf5# 0-1


[Site "https://www.chess.com"]

[Event "Titled Tuesday Blitz November 07 Early 2023"]
[White "lagunanivaria"]
[Black "Stepanencu, Nicodim-Cosmin"]
[BlackFideId "1256220"]
[WhiteElo "2412"]
[BlackElo "2616"]
[Result "1-0"]
[Round "3"]
[TimeControl "180+1"]
[Date "2023.11.07"]
[WhiteClock "0:00:43"]
[BlackClock "0:00:00"]
[Board "133"]

1. e4 e6 2. Nf3 d5 3. Nc3 Nf6 4. exd5 exd5 5. d4 Bd6 6. Bd3 h6 7. h3 O-O 8. O-O Re8 9. Ne2 c6 10. Bf4 Be6 11. Qd2 Ne4 12. Bxe4 dxe4 13. Ne5 Qc7 14. Bg3 Nd7 15. Nxd7 Qxd7 16. Bxd6 Qxd6 17. Rfe1 Rad8 18. c3 c5 19. b3 Bc8 20. Rad1 b6 21. Qf4 Qxf4 22. Nxf4 cxd4 23. Rxd4 Rxd4 24. cxd4 Bb7 25. d5 Kh7 26. Rd1 Rd8 27. Rd4 g5 28. Nh5 Kg6 29. Ng3 Rxd5 30. Rc4 Rc5 31. Rd4 f5 32. Rd6+ Kh7 33. Nh5 Bc8 34. Nf6+ Kg7 35. Nd5 f4 36. Ne7 Rc1+ 37. Kh2 Rc2 38. Nxc8 Rxc8 39. Re6 Rc2 40. Rxe4 Rxa2 41. f3 Rb2 42. Re7+ Kg6 43. Rxa7 Rxb3 44. h4 gxh4 45. Kh3 Rb2 46. Rc7 b5 47. Rc6+ Kg5 48. Rc5+ Kg6 49. Kxh4 b4 50. Kg4 1-0


[Site "https://www.chess.com"]

[Event "Titled Tuesday Blitz November 07 Early 2023"]
[White "Adewumi, Tanitoluwa"]
[Black "Matveeva, Olga"]
[WhiteFideId "30966396"]
[BlackFideId "24107018"]
[WhiteElo "2615"]
[BlackElo "2410"]
[Result "1-0"]
[Round "3"]
[TimeControl "180+1"]
[Date "2023.11.07"]
[WhiteClock "0:00:03"]
[BlackClock "0:00:01"]
[Board "134"]

1. e4 c6 2. Nc3 d5 3. Nf3 dxe4 4. Nxe4 Nf6 5. Nxf6+ exf6 6. d4 Bd6 7. Bd3 O-O 8. O-O Bg4 9. h3 Bh5 10. c3 Nd7 11. Be3 Re8 12. Re1 Rc8 13. Qb3 Qc7 14. Nh4 c5 15. Nf5 cxd4 16. Nxd6 Qxd6 17. Bxd4 Ne5 18. Bf5 Rcd8 19. Qxb7 Rb8 20. Qe4 Nf3+ 21. gxf3 Rxe4 22. fxe4 g6 23. e5 Qa6 24. Be4 f5 25. Bd5 Re8 26. c4 f4 27. Rac1 f3 28. Rc3 Qxa2 29. e6 fxe6 30. Rxe6 Rxe6 31. Bxe6+ Kf8 32. Bc5+ Ke8 33. Re3 Qb1+ 34. Kh2 Qf1 35. Kg3 Qg2+ 36. Kf4 g5+ 37. Kf5 Kd8 38. Rd3+ Kc7 39. Bd6+ Kc6 40. Bg3 Qxh3+ 41. Ke5 Qf1 42. Bd7+ Kc7 43. Ke6+ Kb7 44. Rb3+ Ka6 45. Bc8+ Ka5 46. Bc7+ Ka4 47. Ra3+ Kb4 48. Bd6+ Kxc4 49. Ba6+ Kd4 50. Bxf1 g4 51. Be5+ Ke4 52. Re3# 1-0


[Site "https://www.chess.com"]

[Event "Titled Tuesday Blitz November 07 Early 2023"]
[White "Kukreja Sankalp"]
[Black "Kvaloy, Aksel Bu"]
[WhiteFideId "45027676"]
[BlackFideId "1528815"]
[WhiteElo "2410"]
[BlackElo "2613"]
[Result "0-1"]
[Round "3"]
[TimeControl "180+1"]
[Date "2023.11.07"]
[WhiteClock "0:00:08"]
[BlackClock "0:00:31"]
[Board "135"]

1. e4 e5 2. Nf3 Nf6 3. Nxe5 Nc6 4. Nxc6 dxc6 5. d3 Bc5 6. Be2 h5 7. c3 Ng4 8. d4 Qh4 9. g3 Qf6 10. Bf4 g5 11. Bxg4 Bxg4 12. Be5 Qxe5 13. Qxg4 hxg4 14. dxe5 O-O-O 15. Ke2 Rhe8 16. Nd2 Rxe5 17. Rad1 f5 18. Rhe1 fxe4 19. Kf1 Red5 20. Ke2 Bxf2 21. Rf1 e3 22. Ne4 Rxd1 23. Rxd1 Rh8 24. Rh1 Kd7 25. Nxf2 exf2 26. Kxf2 Ke6 27. Re1+ Kf5 28. Kg2 Rd8 29. Re2 Rd1 30. a3 c5 31. Kf2 c4 32. Ke3 b5 33. Rf2+ Ke5 34. Rf7 Re1+ 35. Kd2 Rh1 36. Rxc7 Rxh2+ 37. Kc1 Ke4 38. Rc5 Rg2 39. Rxb5 Rxg3 40. Rxg5 Rg1+ 41. Kc2 g3 42. Rg4+ Kf3 43. Rxc4 g2 44. Rc7 Rc1+ 0-1


[Site "https://www.chess.com"]